 Dungeon Crawl Stone Soup version 0.28.0 (webtiles) character file.

Game seed: 7554507824156429698

77 horus123 the Ducker (level 4, 0/38 HPs)
             Began as a Demonspawn Wanderer on Feb 15, 2022.
             Slain by Robin (3 damage)
             ... on level 2 of the Dungeon.
             The game lasted 00:03:06 (1214 turns).

horus123 the Ducker (Demonspawn Wanderer)           Turns: 1214, Time: 00:03:07

Health: 0/38       AC:  7    Str: 15    XL:     4   Next: 13%
Magic:  5/5        EV: 13    Int: 11    God:
Gold:   41         SH:  0    Dex: 14    Spells: 5/5 levels left

rFire   . . .      SeeInvis .   a - +3 mace
rCold   + . .      Faith    .   (no shield)
rNeg    . . .      Spirit   .   d - +0 ring mail
rPois   .          Reflect  .   (no helmet)
rElec   .          Harm     .   (no cloak)
rCorr   .          Rampage  .   b - +1 pair of gloves
Will    .....      Rage     1%  (no boots)
Stlth   +.........              (no amulet)
HPRegen 0.12/turn               (no ring)
MPRegen 0.09/turn               (no ring)

@: no status effects
A: repulsion field 1, foul stench 1, berserk 1, cold resistance 1, robust 1,
MP-powered wands
a: no special abilities


You were on level 2 of the Dungeon.
You visited 1 branch of the dungeon, and saw 2 of its levels.

You collected 41 gold pieces.

Inventory:

Hand Weapons
 a - a +3 mace (weapon)
Armour
 b - a +1 pair of gloves (worn)
 d - a +0 ring mail (worn)
Scrolls
 e - a scroll of identify
Potions
 c - a potion of mutation


   Skills:
 - Level 3.0 Fighting
 - Level 3.0 Maces & Flails
 + Level 2.1 Armour
 - Level 3.0 Dodging
 - Level 1.0 Spellcasting
 - Level 1.2 Invocations


You had 5 spell levels left.
You didn't know any spells.
Your spell library contained the following spells:

 Spells                   Type           Power      Damage    Failure   Level
 Summon Forest            Summ/Tloc      0%         N/A       100%        5
 Eringya's Noxious Bog    Tmut/Pois      0%         N/A       100%        6
 Summon Hydra             Summ           0%         N/A       100%        7


Dungeon Overview and Level Annotations

Branches:
Dungeon (2/15)

Altars:

Annotations:
D:2 Robin


Innate Abilities, Weirdness & Mutations

You are surrounded by a mild repulsion field. (EV +2)
You may rarely emit foul miasma when damaged in melee.
You tend to lose your temper in combat.
Your flesh is cold resistant. (rC+)
You are robust. (+10% HP)
You expend magic power (3 MP) to strengthen your wands.


Message History

You sock the goblin!
You kill the goblin!
You closely miss the goblin. The goblin closely misses you.
Robin roars a battlecry!
The goblin goes into a battle-frenzy!
You hit the goblin.
You kill the goblin!
The goblin no longer looks unusually strong.
Robin throws the goblin at you! The goblin closely misses you.
Items here: )) ††.
You hit Robin but do no damage.
Robin hits you with a +4 mace of protection.
The goblin hits you but does no damage.
You closely miss the goblin. The goblin barely misses you.
Robin hits you but does no damage. Robin barely misses you.
The goblin hits you with a +0 club.
You closely miss the goblin.
Robin hits you with a +4 mace of protection!
* * * LOW HITPOINT WARNING * * *
The goblin misses you.
You hit the goblin.
The goblin is heavily wounded.
Robin completely misses you. The goblin closely misses you.
It was a potion of mutation.
You feel extremely strange.
You feel your magical essence link to the dungeon's wands.
You feel a little pissed off.
You feel robust.
You feel resistant to cold. The goblin hits you but does no damage.
Robin barely misses you.
You hit Robin.
Robin is moderately wounded.
The goblin barely misses you.
Robin hits you with a +4 mace of protection.
* * * LOW HITPOINT WARNING * * *
You closely miss the goblin.
The goblin is heavily wounded.
The goblin barely misses you. Robin misses you.
The goblin hits you but does no damage. Robin misses you.
You hit the goblin.
You kill the goblin!
Robin hits you with a +4 mace of protection.
You die...

#########.........# #.#
..................#
..................#
..................####.#
.............##+##.....#
.........###..#.##.#####
#######.##.........#
#)##.##.#.####
#@##.##.#.# #g##.##.#.#
#.##.##...#
#########.##.###..#
#....gg.).##.# #..#
#.##########+# #.># ##.#


You could see Robin.

Vanquished Creatures
  Natasha (D:2)
  An adder (D:2)
  A dart slug (D:1)
  5 bats (D:1)
  2 endoplasms
  2 giant cockroaches (D:1)
  9 goblins
  7 hobgoblins
  A quokka (D:1)
  2 ball pythons (D:1)
  3 frilled lizards
  3 kobolds (D:1)
  3 rats
40 creatures vanquished.

Notes
Turn   | Place    | Note
-------+----------+-------------------------------------------
     0 | D:1      | horus123 the Demonspawn Wanderer began the quest for the
                  | Orb.
     0 | D:1      | horus123 set off with the following items: a +3 mace, a +0
                  | pair of gloves, a +0 leather armour
     0 | D:1      | Reached XP level 1. HP: 16/16 MP: 2/2
   377 | D:1      | Gained mutation: You are surrounded by a mild repulsion
                  | field. (EV +2) [demonic ancestry]
   377 | D:1      | Reached XP level 2. HP: 23/23 MP: 3/3
   897 | D:1      | Gained mutation: You may rarely emit foul miasma when
                  | damaged in melee. [demonic ancestry]
   897 | D:1      | Reached XP level 3. HP: 28/29 MP: 4/4
   996 | D:2      | Noticed Natasha
  1004 | D:2      | Killed Natasha
  1005 | D:2      | Reached skill level 1 in Armour
  1167 | D:2      | Reached XP level 4. HP: 35/35 MP: 5/5
  1188 | D:2      | Noticed Robin
  1211 | D:2      | Gained mutation: You expend magic power (3 MP) to
                  | strengthen your wands. [potion of mutation]
  1211 | D:2      | Gained mutation: You tend to lose your temper in combat.
                  | [potion of mutation]
  1211 | D:2      | Gained mutation: You are robust. (+10% HP) [potion of
                  | mutation]
  1211 | D:2      | Gained mutation: Your flesh is cold resistant. (rC+)
                  | [potion of mutation]
  1214 | D:2      | Slain by Robin

Illustrated notes

Levels and vault maps discovered:
D:1:      nicolae_arrival_memento_mori, layout_basic, st_stairs_3,
          minmay_tromino_i2
D:2:      layout_basic, uniq_robin, uniq_natasha

Skill      XL: |  1  2  3  4 |
---------------+-------------+-----
Dodging        | 3 |  3.0
Fighting       | 3 |  3.0
Maces & Flails | 3 |  3.0
Armour         | 1 2 |  2.1
Spellcasting   | |  1.0
Invocations    | |  1.2

Action                   |  1- 3 |  4- 6 || total
-------------------------+-------+-------++-------
Melee: Mace              |    80 |    16 ||    96
       Punch             |     1 |       ||     1
  Use: Scroll            |     4 |       ||     4
       Potion            |       |     1 ||     1
Armor: Leather armour    |     5 |       ||     5
       Ring mail         |    28 |    13 ||    41
Dodge: Dodged            |    59 |    18 ||    77
